 Dungeon Crawl Stone Soup version 0.30-a0-591-g3c58d2bc28 (webtiles) character file.

Game seed: 9438214052902401923

7 mmBingo the Trooper (level 1, 18/18 HPs)
             Began as a Demonspawn Chaos Knight on Jan 5, 2023.
             Was a Plaything of Xom.
             Quit the game on level 1 of the Dungeon.
             The game lasted 00:01:48 (127 turns).

mmBingo the Trooper (Demonspawn Chaos Knight)        Turns: 127, Time: 00:01:49

Health: 18/18      AC:  5    Str: 12    XL:     1   Next: 83%
Magic:  1/1        EV: 11    Int: 13    God:    Xom [..*...]
Gold:   36         SH:  0    Dex: 12    Spells: 0/0 levels left

rFire   . . .      SeeInvis .    a - +0 falchion (chaos)
rCold   . . .      Faith    .    (no shield)
rNeg    . . .      Spirit   .    b - +2 leather armour
rPois   .          Reflect  .    (no helmet)
rElec   .          Harm     .    (no cloak)
rCorr   .          Rampage  .    (no gloves)
Will    .....                    (no boots)
Stlth   +                        (no amulet)
HPRegen 0.23/turn                (no ring)
MPRegen 0.07/turn                (no ring)

@: no status effects
A: no striking features
a: Renounce Religion


You were on level 1 of the Dungeon.
You worshipped Xom.
You were a toy of Xom.
You visited 1 branch of the dungeon, and saw 1 of its levels.

You collected 36 gold pieces.

Inventory:

Hand Weapons
 a - a +0 falchion of chaos (weapon)
 d - a +0 long sword
Armour
 b - a +2 leather armour (worn)
Scrolls
 e - a scroll of noise {unknown}
Miscellaneous
 c - a piece from Xom's chessboard (15/15) (quivered)


   Skills:
 + Level 3.2 Fighting
 + Level 2.9 Long Blades
 + Level 1.8 Armour
 + Level 0.9 Dodging


You couldn't memorise any spells.
You didn't know any spells.
Your spell library contained the following spells:

 Spells                   Type           Power      Damage    Failure   Level
 Ignite Poison            Fire/Tmut/Pois 0%         N/A       75%         3
 Kindle Blastsparks       Fire/Tloc/Air  0%         2d10      75%         3
 Freezing Cloud           Conj/Ice/Air   0%         6-21      100%        5


Dungeon Overview and Level Annotations

Branches:
Dungeon (1/15)

Altars:


Message History

The dart slug briefly extends its eye-stalks.
The dart slug closely misses you.
You hit the dart slug.
You kill the dart slug!
A hobgoblin comes into view.
You see here a scroll labelled TICWUTHR WAYQY.
You closely miss the hobgoblin. The hobgoblin closely misses you.
You closely miss the hobgoblin. The hobgoblin closely misses you.
You hit the hobgoblin but do no damage.
The hobgoblin suddenly seems more agile.
The hobgoblin misses you.
You hit the hobgoblin but do no damage.
Lightning courses through the hobgoblin!!
You kill the hobgoblin!
You see here a hobgoblin corpse.
You now have 36 gold pieces (gained 8).
You see here a hobgoblin corpse.
e - a scroll labelled TICWUTHR WAYQY
Found a stone staircase leading down.
There is a stone staircase leading down here.
Found a Trismegistus Codex.
Found a stone staircase leading down.
A hobgoblin and a goblin come into view.
The hobgoblin shouts!
The goblin shouts!
You barely miss the hobgoblin.
The hobgoblin hits you but does no damage.
You hit the hobgoblin.
The hobgoblin is moderately wounded.
The hobgoblin misses you.
You hit the hobgoblin.
You kill the hobgoblin!
The goblin closely misses you.
You hit the goblin.
You kill the goblin!
You see here a +0 dagger.
You pick up a Trismegistus Codex and begin reading...
You add the spells Kindle Blastsparks, Ignite Poison and Freezing Cloud to your library.
Unknown command.
You aren't carrying any potions.
Char dumped successfully.
Are you sure you want to abandon this character and quit the game? (Confirm with "yes".)

.#.#...........#
..##...........# ..
####...........####.#
..........†...###...##
.#...................#
.#####..........#....#
....#..######.#......#
.............###.....###
......#.##..##..@......#
...........###.##....#..#
........##.##..##....##.#
.......>.................#
........##...#############
........##....#
..............#
####.....######
..#..##...#


There were no monsters in sight!

Vanquished Creatures
  A dart slug (D:1)
  A goblin (D:1)
  2 hobgoblins (D:1)
4 creatures vanquished.

Notes
Turn   | Place    | Note
-------+----------+-------------------------------------------
     0 | D:1      | mmBingo the Demonspawn Chaos Knight began the quest for the
                  | Orb.
     0 | D:1      | Reached XP level 1. HP: 18/18 MP: 1/1
    12 | D:1      | XOM: divination: magic mapping
   127 | D:1      | Quit the game

Illustrated notes

Levels and vault maps discovered:
D:1:      matt_arrival_diagonals, layout_rooms

Action                   || total
-------------------------++-------
Melee: Falchion          ||    10
Armor: Leather armour    ||     2
Dodge: Dodged            ||     7

Table legend: (Time is in decaauts)
 A = Elapsed time spent in this place.
 B = Non-inter-level travel time spent in this place.
 C = Inter-level travel time spent in this place.
 D = Time resting spent in this place.
 E = Time spent auto-exploring this place.
 F = Levels seen in this place.
 G = Mean time per level.
                   A        B        C        D        E       F      G
               +--------+--------+--------+--------+--------+-----+--------+
         Total |    127 |    127 |      0 |      0 |      0 |   1 |  127.0 |
       Dungeon |    127 |    127 |      0 |      0 |      0 |   1 |  127.0 |
               +--------+--------+--------+--------+--------+-----+--------+

Top non-repeatable levels by time:
     D:1: 127 daAuts
